 Dungeon Crawl Stone Soup version 0.23.2-1-ga50397a (webtiles) character file.

Game seed: 2322625453004800343

192 whitewolfNL the Cudgeler (level 5, -8/47 HPs)
             Began as a Minotaur Berserker on May 25, 2019.
             Was a Believer of Trog.
             Killed by divine providence
             ... invoked by an orc priest
              (14 damage)
             ... on level 4 of the Dungeon.
             The game lasted 00:06:44 (2058 turns).

whitewolfNL the Cudgeler (Minotaur Berserker)       Turns: 2058, Time: 00:06:44

Health: -8/47      AC:  5    Str: 21    XL:     5   Next: 42%
Magic:  4/4        EV: 12    Int:  4    God:    Trog [**....]
Gold:   123        SH:  0    Dex: 11    Spells: 4/4 levels left

rFire    . . .     SeeInvis +   a - +0 mace
rCold    . . .     Gourm    .   (no shield)
rNeg     . . .     Faith    .   s - +0 ring mail
rPois    .         Spirit   .   (helmet restricted)
rElec    .         Reflect  .   (no cloak)
rCorr    .         Harm     .   (no gloves)
MR       .....                  (no boots)
Stlth    +.........             (no amulet)
HPRegen  0.15/turn              p - ring of see invisible
MPRegen  0.09/turn              (no ring)

@: berserk cooldown, slowed, very slow
A: retaliatory headbutt, horns 2
a: Berserk, Trog's Hand, Renounce Religion


You were on level 4 of the Dungeon.
You worshipped Trog.
Trog was pleased with you.
You were hungry.

You visited 1 branch of the dungeon, and saw 4 of its levels.

You collected 123 gold pieces.

Inventory:

Hand Weapons
 a - a +0 mace (weapon)
 b - a +0 blowgun
Missiles
 d - 52 bolts
 g - 215 stones (quivered)
 n - 45 arrows
 o - 27 poisoned needles
Armour
 s - a +0 ring mail (worn)
Jewellery
 p - a ring of see invisible (left hand)
Scrolls
 i - a scroll of enchant armour {unknown}
 j - a scroll of remove curse {unknown}
 k - 5 scrolls of teleportation {unknown}
 l - a scroll of amnesia {unknown}
 m - a scroll of blinking {unknown}
 q - 4 scrolls of identify {unknown}
 r - a scroll of random uselessness {unknown}
 t - a scroll of magic mapping {unknown}
 u - a scroll of noise {unknown}
Potions
 e - a potion of resistance {unknown}
 h - a potion of haste {unknown}
Comestibles
 c - 8 rations
 f - 2 chunks of flesh


   Skills:
 * Level 4.9 Fighting
 * Level 5.1 Maces & Flails
 + Level 1.6 Throwing
 + Level 3.2 Armour
 + Level 3.2 Dodging


You had 4 spell levels left.
You didn't know any spells.
Your spell library was empty.

Dungeon Overview and Level Annotations

Branches:
Dungeon (4/15)
 Temple: D:4-7

Altars:
Dithmenos
Kikubaaqudgha
Qazlal
Yredelemnul


Innate Abilities, Weirdness & Mutations

You reflexively headbutt those who attack you in melee.
You have a pair of horns on your head.


Message History

The orc priest is heavily wounded.
The orc priest looks encouraged for a moment.
The orc barely misses you.
The orc priest hits you with a +0 flail!
* * * LOW HITPOINT WARNING * * *
An orc comes into view. It is wielding a -3 hand axe.
You feel a strong urge to attack something.
You are no longer berserk.
You are exhausted.
You feel yourself slow down.
The orc priest looks braver for a moment.
The orc priest casts a cantrip, but nothing happens.
You see here a +0 falchion.
An orc comes into view. It is wielding a +0 flail.
The orc wizard gestures wildly while chanting.
The orc wizard seems to speed up.
The orc wizard looks encouraged for a moment.
The orc priest invokes the aid of Beogh against you.
Beogh smites you!
You die...

#.......##....
#................#...
###....................#
#......###............#
#<.####..............#
##....#........##....# .
##...........###....# ...
#.......#...#.o....#.....
##.##.#.#...@.oo.oo......
####.#........o.o.......
##...................
#..............#.....#
###............#....##
###..........####..#
#..........# ...
#..........# .#
##.#.......#


You could see 3 orc priests, an orc wizard (invisible) and 3 orcs.

Vanquished Creatures
  A jelly (D:3)
  An orc priest (D:4)
  An iguana (D:4)
  A worker ant (D:4)
  An adder (D:3)
  5 worms
  3 dart slugs
  A leopard gecko (D:1)
  2 orcs (D:4)
  2 giant cockroaches (D:2)
  2 goblins
  8 hobgoblins
  3 jackals (D:1)
  6 kobolds
  A quokka (D:2)
  A ball python (D:2)
  8 bats
  2 frilled lizards
  6 rats
55 creatures vanquished.

Notes
Turn   | Place    | Note
-------+----------+-------------------------------------------
     0 | D:1      | whitewolfNL the Minotaur Berserker began the quest for the
                  | Orb.
     0 | D:1      | Reached XP level 1. HP: 19/19 MP: 0/0
    80 | D:1      | Reached XP level 2. HP: 21/27 MP: 1/1
   124 | D:1      | Reached skill level 4 in Maces & Flails
   671 | D:2      | Reached XP level 3. HP: 25/33 MP: 2/2
   839 | D:2      | Reached ** piety under Trog
   918 | D:2      | Found an ancient bone altar of Kikubaaqudgha.
  1047 | D:2      | Found a shadowy altar of Dithmenos.
  1180 | D:2      | Found a stormy altar of Qazlal.
  1496 | D:3      | Reached skill level 1 in Throwing
  1496 | D:3      | Reached XP level 4. HP: 37/41 MP: 3/3
  1762 | D:3      | Found a basalt altar of Yredelemnul.
  2046 | D:4      | Reached skill level 5 in Maces & Flails
  2046 | D:4      | Reached XP level 5. HP: 30/47 MP: 4/4
  2058 | D:4      | Killed from afar by an orc priest

Skill      XL: |  1  2  3  4 |
---------------+-------------+-----
Maces & Flails | 4 5 |  5.1
Fighting       | 4 |  4.9
Throwing       | 1 |  1.6
Armour         | 3 |  3.2
Dodging        | 3 |  3.2

Action                   |  1- 3 |  4- 6 || total
-------------------------+-------+-------++-------
Melee: Mace              |    66 |    33 ||    99
       Headbutt          |    14 |     7 ||    21
Invok: Berserk           |       |     1 ||     1
  Eat: Chunk             |     2 |     2 ||     4
Armor: Animal skin       |    11 |       ||    11
       Ring mail         |       |    12 ||    12
Dodge: Dodged            |    41 |    34 ||    75
